 Dungeon Crawl Stone Soup version 0.29-a0-923-g6e406bff71 (webtiles) character file.

Game seed: 9299820900127031078

29871 Pooter the Cleaver (level 13, -5/151 HPs)
             Began as a Demonspawn Berserker on July 27, 2022.
             Was a Priest of Trog.
             Slain by a wolf spider (18 damage)
             ... on level 3 of the Lair of Beasts.
             The game lasted 01:32:07 (14652 turns).

Pooter the Cleaver (Demonspawn Berserker)          Turns: 14652, Time: 01:32:08

Health: -5/151     AC: 14    Str: 28    XL:     13   Next: 17%
Magic:  13/13      EV: 12    Int: 14    God:    Trog [***...]
Gold:   822        SH:  0    Dex: 12    Spells: 12/12 levels left

rFire   . . .      SeeInvis +   a - +5 battleaxe (venom)
rCold   . . .      Faith    .   (shield currently unavailable)
rNeg    . . .      Spirit   .   k - +1 plate armour
rPois   .          Reflect  .   (helmet unavailable)
rElec   .          Harm     +   h - scarf {harm}
rCorr   .          Rampage  .   m - +0 pair of gloves
Will    ++...                   R - +0 pair of boots
Stlth   ..........              x - amulet of regeneration
HPRegen 2.15/turn               o - +4 ring of evasion
MPRegen 0.13/turn               T - +6 ring of strength

@: berserking, about to teleport, strong-willed (expiring), regenerating
(expiring), very quick
A: antennae 3, spiny 1, big brain 2, demonic magic 2
a: Renounce Religion, Berserk, Trog's Hand


You were on level 3 of the Lair of Beasts.
You worshipped Trog.
Trog was most pleased with you.
You visited 3 branches of the dungeon, and saw 14 of its levels.

You collected 822 gold pieces.

Inventory:

Hand Weapons
 a - a +5 battleaxe of venom (weapon)
   (You took it off a wight on level 10 of the Dungeon)
 b - a +2 shortbow of freezing
   (You found it on level 8 of the Dungeon)
 n - a +1 short sword of draining
   (You took it off a kobold on level 1 of the Dungeon)
 r - a +2 war axe of flaming
   (You found it on level 3 of the Dungeon)
 v - a +1 longbow of flaming
   (You took it off Nessos on level 3 of the Lair of Beasts)
 E - a +0 antimagic war axe
   (You found it on level 4 of the Dungeon)
 I - a +2 antimagic halberd
   (You took it off a gnoll on level 7 of the Dungeon)
 J - a +5 halberd of freezing
   (You took it off a wight on level 8 of the Dungeon)
 L - a +2 shortbow of flaming
   (You took it off a centaur on level 6 of the Dungeon)
 P - a +1 scimitar of flaming
   (You took it off Maggie on level 10 of the Dungeon)
Missiles
 q - 4 boomerangs (quivered)
 y - 11 poisoned darts
 A - 3 javelins
 F - 13 atropa-tipped darts
 G - 10 curare-tipped darts
 Q - 112 stones
 U - 3 throwing nets {!f}
Armour
 h - a scarf of harm (worn)
   (You found it on level 9 of the Dungeon)
 k - a +1 plate armour (worn)
   (You found it on level 1 of the Dungeon)
 m - a +0 pair of gloves (worn)
   (You found it on level 1 of the Dungeon)
 K - the +2 buckler of the Jackalope {rPois}
   (You took it off a kobold brigand on level 8 of the Dungeon)

   rPois:     It protects you from poison.
 R - a +0 pair of boots (worn)
   (You found it on level 10 of the Dungeon)
Jewellery
 d - an amulet of the acrobat
   (You found it on level 1 of the Dungeon)
 o - a +4 ring of evasion (left hand)
   (You found it on level 2 of the Dungeon)
 x - an amulet of regeneration (around neck)
   (You found it on level 3 of the Dungeon)
 C - a ring of resist corrosion
   (You found it on level 6 of the Dungeon)
 T - a +6 ring of strength (right hand)
   (You found it on level 10 of the Dungeon)
 V - a ring of ice
   (You took it off Fannar on level 1 of the Lair of Beasts)
Wands
 f - a wand of flame (5)
   (You found it on level 3 of the Lair of Beasts)
 i - a wand of roots (1)
   (You took it off a gnoll on level 9 of the Dungeon)
 u - a wand of paralysis (1)
   (You took it off a kobold brigand on level 10 of the Dungeon)
Scrolls
 l - 5 scrolls of immolation {!r}
 s - 2 scrolls of noise {!r}
 t - 2 scrolls of teleportation {@r4}
 w - a scroll of silence
 B - 4 scrolls of butterflies
 M - 3 scrolls of vulnerability {!r}
 X - a scroll of poison {!r}
Potions
 c - 3 potions of attraction {!q}
 e - 3 potions of magic {unknown}
 g - 2 potions of curing {@q1}
 j - 2 potions of invisibility {unknown}
 p - 4 potions of heal wounds {unknown}
 z - a potion of cancellation {unknown}
 D - 3 potions of degeneration {unknown}
 H - 2 potions of resistance {unknown}
 N - a potion of experience {unknown}
 O - 2 potions of lignification {unknown}
 S - a potion of brilliance
 W - a potion of ambrosia
 Z - 2 potions of berserk rage {unknown}


   Skills:
 + Level 9.4 Fighting
 * Level 11.4(11.9) Axes
 - Level 5.3(9.1) Polearms
 * Level 11.4 Ranged Weapons
 - Level 6.3 Throwing
 - Level 3.5 Armour
 - Level 2.4 Dodging
 + Level 6.2 Evocations


You had 12 spell levels left.
You didn't know any spells.
Your spell library was empty.

Dungeon Overview and Level Annotations

Branches:
Dungeon (10/15)            Temple (0/1) D:7            Lair (3/5) D:10
    Orc (1/2) D:9
  Swamp: Lair:2-3    Shoals: Lair:2-3     Snake: Lair:2-3    Spider: Lair:2-3

Altars:
Ashenzari
Cheibriados
Fedhas
Hepliaklqana
Makhleb
Nemelex Xobeh
Yredelemnul

Annotations:
D:7 2 transporters, quixfox's ghost, novice GrEE
Lair:2 3 runed translucent doors, exclusion: oklob plant, Wyjoucal's ghost, journeyman OpEE


Innate Abilities, Weirdness & Mutations

You have a pair of large antennae on your head. (SInv)
You are partially covered in sharp spines.
You have an extremely huge brain. (Int +4)
Spells you cast may paralyse nearby enemies.


Message History

The jumping spider pounces on you!
You are caught in a web!
The jumping spider barely misses you.
The jumping spider is struck by your spines.
The jumping spider pounces on you but does no damage.
The jumping spider closely misses you.
There is a web here.
The web tears apart.
You feel very sick.
A wolf spider comes into view.
The jumping spider pounces on you.
* * * LOW HITPOINT WARNING * * *
The jumping spider bites you.
* * * LOW HITPOINT WARNING * * *
You barely miss the jumping spider.
You feel sick.
The jumping spider leaps!
Okay, then.
Unknown command.
You feel sick.
You feel sick.
The jumping spider leaps!
You feel sick.
The jumping spider leaps!
You feel sick.
You closely miss the jumping spider.
You feel sick. The jumping spider misses you.
The jumping spider closely misses you.
You slash the wolf spider! You closely miss the jumping spider.
You feel the effects of Trog's Hand fading.
You feel sick.
The wolf spider is struck by your spines.
The wolf spider hits you!
* * * LOW HITPOINT WARNING * * *
The wolf spider bites you!
* * * LOW HITPOINT WARNING * * *
The jumping spider is struck by your spines.
The jumping spider closely misses you. The jumping spider bites you.
* * * LOW HITPOINT WARNING * * *
Unknown command.
As you read the scroll of teleportation {@r4}, it crumbles to dust.
You feel strangely unstable.
You feel sick.
You are no longer poisoned.
The wolf spider closely misses you. The wolf spider bites you!
* * * LOW HITPOINT WARNING * * *
The jumping spider barely misses you.
The jumping spider bites you but does no damage.
The wolf spider hits you but does no damage.
The wolf spider misses you. The jumping spider closely misses you.
The jumping spider barely misses you.
A red film seems to cover your vision as you go berserk!
You feel yourself moving faster!
You feel mighty!
The jumping spider pounces on you but does no damage.
The jumping spider bites you but does no damage.
The wolf spider hits you!
You die...

............###..... ...^.
#...........P..###..#.
#....##..............###....
.^.^^ ............#.P##....
# #...# ..............##..#.
.. #^^.##.................#.
#.. #...........##.......##.
....#.....#.....###.#.#..#..
..##......s@......##.8.##...
#....#†..##s......#.....#...
#........##k.......8.>..+.8.
#.....#..###..##..#.........
♣♣....#..###..######.8.##...
♣♣♣♣♣♣#.##..>P# ###.####...
♣..#.#..## #.#....###.
♣..#....#####.......#.
♣.P...#..........##..#


You could see a wolf spider, a rime drake and a jumping spider.

Vanquished Creatures
  Gastronok (Lair:2)
  Nessos (Lair:3)
  Fannar (Lair:1)
  Josephine (D:10)
  A boulder beetle (Lair:3)
  2 two-headed ogres
  A hydra (Lair:1)
  Sonja (Lair:2)
  Pikel (D:8)
  A wolf spider (Lair:3)
  4 black mambas
  4 cane toads
  A rime drake (Lair:2)
  An unseen horror (D:10)
  Maggie (D:10)
  6 komodo dragons
  The ghost of Valamore the Thaumaturge, a novice DECj of Vehumet (D:6)
  2 hornets
  3 polar bears
  2 trolls (D:9)
  13 blink frogs
  2 culicivoras
  2 shadows (D:10)
  3 wyverns
  3 wraiths (D:10)
  30 yaks
  Grum (D:8)
  2 steam dragons
  7 water moccasins
  3 black bears
  5 orc warriors
  4 ice beasts
  6 ogres
  23 wolves
  A centaur (D:6)
  A lemure (D:8)
  4 phantoms
  6 kobold brigands
  A necrophage (D:7)
  A wyvern zombie (D:6)
  3 bullfrogs
  3 scorpions
  10 wights
  3 gnoll sergeants
  2 troll zombies (D:9)
  4 killer bees
  2 electric eels
  5 howler monkeys
  3 gnoll boudas
  2 hounds
  2 jellies (D:7)
  7 orc priests
  Natasha (thrice) (D:3)
  5 iguanas
  10 orc wizards
  6 ogre zombies (D:9)
  A howler monkey zombie (D:6)
  25 gnolls
  13 adders
  A shadow imp (D:7)
  2 white imps
  An ufetubus (D:7)
  2 worms
  3 dart slugs
  21 orcs
  9 ball pythons
  4 bats
  5 endoplasms
  6 giant cockroaches
  3 goblins
  2 hobgoblins (D:1)
  20 kobolds
  6 quokkas
  2 frilled lizards (D:1)
  A goblin skeleton (D:9)
  A goblin zombie (D:9)
  A hobgoblin skeleton (D:9)
  3 hobgoblin zombies (D:9)
  3 orc skeletons (D:9)
  15 orc zombies (D:9)
  7 rats
381 creatures vanquished.

Vanquished Creatures (others)
  2 kobolds (D:8)
  21 fungi
  44 plants
67 creatures vanquished.

Grand Total: 448 creatures vanquished

Notes
Turn   | Place    | Note
-------+----------+-------------------------------------------
     0 | D:1      | Pooter the Demonspawn Berserker began the quest for the
                  | Orb.
     0 | D:1      | Reached XP level 1. HP: 18/18 MP: 1/1
   101 | D:1      | Found a faded altar of an unknown god.
   167 | D:1      | Gained mutation: Spells you cast may paralyse adjacent
                  | enemies. [demonic ancestry]
   167 | D:1      | Reached XP level 2. HP: 24/24 MP: 2/2
   551 | D:1      | Reached ** piety under Trog
  1038 | D:2      | Gained mutation: You are partially covered in sharp spines.
                  | [demonic ancestry]
  1038 | D:2      | Reached XP level 3. HP: 29/29 MP: 3/3
  1445 | D:2      | Reached skill level 1 in Ranged Weapons
  1607 | D:2      | Gained mutation: You have a pair of small antennae on your
                  | head. [demonic ancestry]
  1607 | D:2      | Reached XP level 4. HP: 35/35 MP: 4/4
  2033 | D:3      | Reached skill level 1 in Axes
  2040 | D:3      | Reached XP level 5. HP: 41/41 MP: 5/5
  2076 | D:3      | Noticed Natasha
  2088 | D:3      | Killed Natasha
  2177 | D:3      | Noticed Natasha
  2178 | D:3      | Found a sparkling altar of Nemelex Xobeh.
  2181 | D:3      | Killed Natasha
  2332 | D:3      | Noticed Natasha
  2343 | D:3      | Killed Natasha
  2466 | D:4      | Reached skill level 1 in Throwing
  2466 | D:4      | Reached XP level 6. HP: 48/48 MP: 6/6
  2950 | D:5      | Entered Level 5 of the Dungeon
  2987 | D:5      | Reached XP level 7. HP: 54/54 MP: 7/7
  3509 | D:5      | Gained mutation: You have a pair of antennae on your head.
                  | [demonic ancestry]
  3509 | D:5      | Reached XP level 8. HP: 50/61 MP: 8/8
  4119 | D:6      | Reached skill level 5 in Fighting
  4122 | D:6      | Reached skill level 5 in Ranged Weapons
  4418 | D:6      | Found a blossoming altar of Fedhas.
  4543 | D:6      | Found a runed translucent gate.
  4543 | D:6      | Found a runed translucent gate.
  4543 | D:6      | Found a runed translucent gate.
  4543 | D:6      | Noticed Valamore's ghost (novice DECj)
  4545 | D:6      | Found a basalt altar of Yredelemnul.
  4550 | D:6      | Reached skill level 5 in Axes
  4579 | D:6      | Killed Valamore's ghost
  4745 | D:6      | Found a snail-covered altar of Cheibriados.
  4848 | D:6      | Gained mutation: Spells you cast may paralyse nearby
                  | enemies. [demonic ancestry]
  4848 | D:6      | Reached XP level 9. HP: 66/68 MP: 9/9
  5200 | D:7      | Noticed a queen bee
  5203 | D:7      | Found a transporter.
  5203 | D:7      | Noticed quixfox's ghost (novice GrEE)
  5207 | D:7      | Found a transporter.
  5807 | D:7      | Found a staircase to the Ecumenical Temple.
  5901 | D:7      | Found a burning altar of Makhleb.
  5970 | D:8      | Noticed a two-headed ogre
  5982 | D:7      | Killed a two-headed ogre
  6081 | D:8      | Noticed Grum
  6090 | D:8      | Killed Grum
  6241 | D:8      | Reached XP level 10. HP: 65/77 MP: 10/10
  6345 | D:8      | Identified the +2 buckler of the Jackalope {rPois}
  6354 | D:7      | Reached skill level 5 in Throwing
  6492 | D:8      | Found a broken altar of Ashenzari.
  6600 | D:8      | Noticed Pikel
  6613 | D:8      | Killed Pikel
  7304 | D:9      | Paralysed by a gnoll for 2 turns
  7444 | D:9      | Noticed a two-headed ogre
  7453 | D:9      | Killed a two-headed ogre
  7454 | D:9      | Reached skill level 1 in Evocations
  7776 | D:9      | Gained mutation: You have an unusually large brain. (Int
                  | +2) [demonic ancestry]
  7776 | D:9      | Reached XP level 11. HP: 84/84 MP: 11/11
  7781 | D:9      | Found a staircase to the Orcish Mines.
  7798 | D:9      | Reached *** piety under Trog
  9507 | Orc:1    | Entered Level 1 of the Orcish Mines
  9758 | Orc:1    | Noticed an orc warlord
  9957 | D:10     | Entered Level 10 of the Dungeon
 10071 | D:10     | Noticed Josephine
 10084 | D:10     | Killed Josephine
 10378 | D:10     | Reached skill level 5 in Polearms
 10714 | D:10     | Noticed Maggie
 10717 | D:10     | Killed Maggie
 10921 | D:10     | Found a staircase to the Lair.
 11231 | D:10     | Found a faded altar of an unknown god.
 11232 | D:10     | Found a hazy altar of Hepliaklqana.
 11236 | D:10     | Upgraded the game from 0.29-a0-919-gd064cfad1c to
                  | 0.29-a0-923-g6e406bff71
 11324 | Lair:1   | Entered Level 1 of the Lair of Beasts
 11396 | Lair:1   | Noticed Fannar
 11419 | Lair:1   | Killed Fannar
 11494 | Lair:1   | Gained mutation: You have a pair of large antennae on your
                  | head. (SInv) [demonic ancestry]
 11494 | Lair:1   | Reached XP level 12. HP: 92/92 MP: 12/12
 11823 | Lair:1   | Reached skill level 10 in Axes
 11826 | Lair:1   | Reached skill level 10 in Ranged Weapons
 12035 | Lair:1   | Noticed a seven-headed hydra
 12045 | Lair:1   | Killed a four-headed hydra
 12533 | Lair:2   | Found a runed translucent gate.
 12533 | Lair:2   | Found a runed translucent gate.
 12533 | Lair:2   | Found a runed translucent gate.
 12538 | Lair:2   | Noticed a nine-headed hydra
 12538 | Lair:2   | Noticed Wyjoucal's ghost (journeyman OpEE)
 12668 | Lair:2   | Noticed Gastronok
 12683 | Lair:2   | Killed Gastronok
 12684 | Lair:2   | Reached skill level 5 in Evocations
 13194 | Lair:2   | Noticed Sonja
 13202 | Lair:2   | Killed Sonja
 13645 | Lair:3   | Noticed Nessos
 13655 | Lair:3   | Killed Nessos
 13913 | Lair:3   | Noticed a boulder beetle
 14068 | Lair:3   | Killed a boulder beetle
 14156 | Lair:3   | Gained mutation: You have an extremely huge brain. (Int +4)
                  | [demonic ancestry]
 14156 | Lair:3   | Reached XP level 13. HP: 57/101 MP: 13/13
 14652 | Lair:3   | Slain by a wolf spider

Illustrated notes

Levels and vault maps discovered:
D:1:      dpeg_arrival_stonehenge_8_columns, layout_basic,
          shapermc_ecumenical_altar_rom_forum, kennysheep_decorative_pillar
D:2:      layout_basic
D:3:      layout_rooms, old_standard_altar, uniq_natasha
D:4:      layout_basic
D:5:      layout_basic
D:6:      layout_rooms, slow_altar_1, mainiacjoe_overflow_24_doors,
          nicolae_yredelemnul_ghost_church, kennysheep_nondescript
D:7:      layout_loops_ring, lemuel_coloured_pillars_altar,
          minmay_temple_entry_poolview, gammafunk_ghost_hive, st_stairs_13,
          grunt_ministairs_2
D:8:      layout_loops_ring, mainiacjoe_overflow_brackets, uniq_grum, uniq_pikel
D:9:      layout_long_grid, zombieorc2_lemuel
D:10:     layout_basic, beargit_hepliaklqana_dungeon_heroes, lair_entry_dummy,
          minmay_fractal_squares_diagonal_5, uniq_josephine, uniq_maggie
Lair:1:   layout_cave_pods, chequers_serial_rivers_marsh, serial_bayou_ford_a,
          chequers_serial_rivers_large_a, uniq_fannar
Lair:2:   layout_regular_city, gammafunk_ghost_hydra_chop,
          chequers_serial_rivers_large_b, minmay_lair_oklob_bushes,
          nicolae_quartered_pool_impasse, serial_bayou_shore_a, uniq_sonja,
          uniq_gastronok
Lair:3:   layout_misc_corridors, nicolae_swamp_entry_splash_gauntlet,
          spider_nest_entry_funnel_web, grunt_megastairs_3, uniq_nessos
Orc:1:    layout_diamond_mine

Skill      XL: |  1  2  3  4  5  6  7  8  9 10 11 12 13 |
---------------+----------------------------------------+-----
Polearms       | 3 4 5 |  5.3
Armour         | 2 3 |  3.5
Dodging        | 2 |  2.4
Ranged Weapons | 1 2 3 4 5 7 8 9 11 | 11.4
Axes           | 1 2 4 5 7 8 9 11 | 11.4
Throwing       | 1 2 3 4 5 6 |  6.3
Fighting       | 4 5 6 7 8 9 |  9.4
Evocations     | 1 4 5 6 |  6.2

Action                   |  1- 3 |  4- 6 |  7- 9 | 10-12 | 13-15 || total
-------------------------+-------+-------+-------+-------+-------++-------
Melee: Spear             |    51 |       |       |       |       ||    51
       Short sword       |    30 |       |       |       |       ||    30
       Punch             |     1 |       |     1 |       |       ||     2
       War axe           |       |    72 |   182 |    48 |       ||   302
       Halberd           |       |       |     3 |   201 |       ||   204
       Battleaxe         |       |       |       |   159 |    32 ||   191
       Scimitar          |       |       |       |     5 |       ||     5
 Fire: Sling             |    19 |    31 |     9 |       |       ||    59
       Shortbow          |       |       |    62 |   202 |    13 ||   277
Throw: Stone             |     7 |       |       |       |       ||     7
       Boomerang         |       |     3 |     5 |     9 |     8 ||    25
Invok: Berserk           |     1 |     5 |     8 |    19 |     1 ||    34
       Trog's Hand       |       |     4 |     4 |    27 |     3 ||    38
Evoke: Wand              |       |       |       |     5 |       ||     5
  Use: Scroll            |       |     6 |     4 |    10 |     1 ||    21
       Potion            |       |       |       |     2 |       ||     2
 Stab: Sleeping          |     2 |       |       |       |       ||     2
       Paralysed         |       |       |       |     3 |       ||     3
Armor: Chain mail        |     9 |       |       |       |       ||     9
       Plate armour      |    13 |    36 |   103 |   204 |    25 ||   381
       Animal skin       |     3 |       |       |       |       ||     3
Dodge: Dodged            |    40 |    52 |    99 |   295 |    36 ||   522

Table legend: (Time is in decaauts)
 A = Elapsed time spent in this place.
 B = Non-inter-level travel time spent in this place.
 C = Inter-level travel time spent in this place.
 D = Time resting spent in this place.
 E = Time spent auto-exploring this place.
 F = Levels seen in this place.
 G = Mean time per level.
                   A        B        C        D        E       F      G
               +--------+--------+--------+--------+--------+-----+--------+
         Total |  15257 |  14957 |    300 |   4578 |   6955 |  14 | 1089.8 |
       Dungeon |  11618 |  11366 |    252 |   3549 |   5219 |  10 | 1161.8 |
          Lair |   3472 |   3424 |     48 |   1006 |   1735 |   3 | 1157.3 |
  Orcish Mines |    166 |    166 |      0 |     23 |      0 |   1 |  166.0 |
               +--------+--------+--------+--------+--------+-----+--------+

Top non-repeatable levels by time:
     D:9: 2735 daAuts
  Lair:2: 1665 daAuts
    D:10: 1430 daAuts
     D:7: 1221 daAuts
  Lair:1: 1195 daAuts
     D:8: 1147 daAuts
     D:1: 1058 daAuts
     D:5: 1040 daAuts
     D:6: 1001 daAuts
     D:2: 869 daAuts
  Lair:3: 611 daAuts
     D:3: 587 daAuts
     D:4: 527 daAuts
   Orc:1: 166 daAuts
